Description

test

Replay - 1

Build Order

Get SALT Encoding   

  12  0:00  Drone  
  13  0:12  Overlord  
  13  0:17  Drone  
  14  0:30  Drone x3  
  17  0:52  Hatchery  
  17  0:55  Drone x2  
  18  1:13  Spawning Pool  
  18  1:15  Drone x2  
  19  1:28  Drone  
  20  1:44  Hatchery  
  19  2:00  Queen x2  
  21  2:02  Zergling x4  
  25  2:10  Overlord  
  31  2:37  Queen  
  31  2:43  Queen  
  35  2:48  Overlord  
  40  3:07  Overlord  
  44  3:15  Extractor  
  44  3:22  Extractor  
  48  3:34  Queen  
  48  3:36  Overlord  
  50  3:44  Roach Warren  
  49  3:49  Evolution Chamber x2  
  50  3:57  Extractor x2  
  56  4:16  Lair  
  64  4:41  Zerg Missile Weapons Level 1  
  64  4:42  Zerg Ground Armor Level 1  
  64  4:57  Roach x4  
  72  5:05  Spore Crawler  
  72  5:13  Roach x3  
  81  5:34  Spire  
  81  5:38  Overseer  
  81  5:40  Pneumatized Carapace  
  81  5:42  Roach x3  
  83  5:47  Extractor x2  
  109  6:25  Ravager x4  
  115  6:37  Hatchery  
  119  6:58  Infestation Pit  
  165  7:45  Extractor  
Spawning Tool Build Advisor. Get it on Overwolf

Go to:

Details

  • Created by: Zgredek
  • Published on: Oct 03, 2020
  • Modified on: Oct 03, 2020
  • Patch: 4.11.0
  • Difficulty: Hard
Show
View Real Time Build Order
Export as new Build Order

Comments (0)

There are no comments. Be the first!

Create an account to comment!